 Dungeon Crawl Stone Soup version 0.29.0-11-gd7f09526c8 (webtiles) character file.

Game seed: 17133107243416004028

1 Malachi the Chiller (level 1, 13/13 HPs)
             Began as a Demonspawn Ice Elementalist on Aug 28, 2022.
             Got out of the dungeon alive.
             The game lasted 00:00:53 (113 turns).

Malachi the Chiller (Demonspawn Ice Elementalist)    Turns: 113, Time: 00:00:54

Health: 13/13      AC:  2    Str:  8    XL:     1   Next: 16%
Magic:  3/3        EV: 12    Int: 16    God:
Gold:   9          SH:  0    Dex: 13    Spells: 3/4 levels left

rFire   . . .      SeeInvis .   (no weapon)
rCold   . . .      Faith    .   (no shield)
rNeg    . . .      Spirit   .   a - +0 robe
rPois   .          Reflect  .   (no helmet)
rElec   .          Harm     .   (no cloak)
rCorr   .          Rampage  .   (no gloves)
Will    .....                   (no boots)
Stlth   ++........              (no amulet)
HPRegen 0.04/turn               (no ring)
MPRegen 0.08/turn               (no ring)

@: no status effects
A: no striking features
a: no special abilities


You escaped.
You visited 1 branch of the dungeon, and saw 1 of its levels.

You collected 9 gold pieces.

Inventory:

Armour
 a - a +0 robe (worn)
Scrolls
 c - a scroll of immolation {unknown}
 d - a scroll of identify {unknown}
Potions
 b - a potion of magic


   Skills:
 + Level 1.7 Dodging
 + Level 1.7 Stealth
 + Level 2.0 Spellcasting
 + Level 3.6 Ice Magic


You had 3 spell levels left.
You knew the following spells:

 Your Spells              Type           Power      Damage    Failure   Level
a - Freeze                Ice            52%        1d7       4%          1

Your spell library contained the following spells:

 Spells                   Type           Power      Damage    Failure   Level
 Frozen Ramparts          Ice            26%        1d4       14%         3
 Ozocubu's Armour         Ice            13%        N/A       14%         3
 Hailstorm                Conj/Ice       7%         3d4       67%         4


Dungeon Overview and Level Annotations

Branches:
Dungeon (1/15)

Altars:


Message History

Found 9 gold pieces and three human skeletons.
There is a staircase leading out of the dungeon here.
There is a staircase leading out of the dungeon here.
Unknown command.
There is a staircase leading out of the dungeon here.
Found a human skeleton.
c - a scroll labelled REUSARGHUJU
d - a scroll labelled GOASEIFAIL You now have 9 gold pieces.
Found a robe.
You see here a +0 robe.
You open the door.
There is an open door here.
A ball python comes into view.
Found a silvery potion.
Found a stone staircase leading down.
The ball python hisses angrily.
Aiming: Freeze (safe; 4% risk of failure)
Press: ? - help, Q - select action Shift-Dir - straight line, f - ball python
Aim: a ball python You freeze the ball python.
The ball python is moderately wounded.
The ball python seems to slow down.
The ball python bites you but does no damage.
The ball python closely misses you.
Aiming: Freeze (safe; 4% risk of failure)
Press: ? - help, Q - select action Shift-Dir - straight line, f/p - ball python
Aim: a ball python (moderately wounded, slow)
You freeze the ball python.
You kill the ball python!
Unknown command.
Unknown command.
Welcome back, Malachi the Demonspawn Ice Elementalist.
Press ? for a list of commands and other information.
You see here a ball python corpse.
There is an open door here.
You see here a +0 robe.
Magic restored.
There is a staircase leading out of the dungeon here.
Are you sure you want to leave the Dungeon?
This will make you lose the game!
You have escaped!

#.. #.#
############.############
♣.......................♣
♣..8..8...........8..8..♣
♣...÷÷.............÷....♣
♣♣....÷.............÷....♣
♣...8..8...........8..8...
♣............@............
♣...8..8...........8..8...
♣♣...÷..............÷÷...♣
♣...÷÷.............÷....♣
♣..8..8...........8..8..♣
♣.......................♣
############.############
.........# #######.##


There were no monsters in sight!

Vanquished Creatures
  A ball python (D:1)
1 creature vanquished.

Notes
Turn   | Place    | Note
-------+----------+-------------------------------------------
     0 | D:1      | Malachi the Demonspawn Ice Elementalist began the quest for
                  | the Orb.
     0 | D:1      | Reached XP level 1. HP: 13/13 MP: 3/3
    80 | D:1      | Upgraded the game from 0.29.0-5-ge4962eb29e to
                  | 0.29.0-11-gd7f09526c8
   113 | D:$      | Got out of the dungeon alive.

Illustrated notes

Levels and vault maps discovered:
D:1:      giann_forest_graveyard, layout_basic, nicolae_ecumenical_lake_church

Action                   || total
-------------------------++-------
 Cast: Freeze            ||     2
Armor: Robe              ||     1
Dodge: Dodged            ||     1
